 Dungeon Crawl Stone Soup version 0.25.0-11-g1f837a76a1 (webtiles) character file.

Game seed: 16446845736623230877

67 Delamore the Chopper (level 4, 0/39 HPs)
             Began as a Hill Orc Monk on June 24, 2020.
             Slain by an adder (2 damage)
             ... on level 3 of the Dungeon.
             The game lasted 00:01:11 (2095 turns).

Delamore the Chopper (Hill Orc Monk)                Turns: 2095, Time: 00:01:11

Health: 0/39       AC:  2    Str: 14    XL:     4   Next: 16%
Magic:  4/4        EV: 13    Int: 10    God:
Gold:   53         SH:  0    Dex: 13    Spells: 3/3 levels left

rFire    . . .     SeeInvis .   a - +0 hand axe
rCold    . . .     Gourm    .   (no shield)
rNeg     . . .     Faith    .   b - +0 robe
rPois    .         Spirit   .   (no helmet)
rElec    .         Reflect  .   (no cloak)
rCorr    .         Harm     .   (no gloves)
MR       .....                  (no boots)
Stlth    ++........             (no amulet)
HPRegen  0.13/turn              (no ring)
MPRegen  0.09/turn              (no ring)

@: lethally poisoned (0 -> -7)
A: no striking features
a: no special abilities


You were on level 3 of the Dungeon.
You were near starving.

You visited 1 branch of the dungeon, and saw 3 of its levels.

You collected 53 gold pieces.

Inventory:

Hand Weapons
 a - a +0 hand axe (weapon)
Missiles
 n - 6 boomerangs (quivered)
 p - 11 poisoned darts
Armour
 b - a +0 robe (worn)
Jewellery
 d - an uncursed ring of poison resistance {unknown}
 e - an uncursed ring of protection from cold {unknown}
Scrolls
 f - a scroll of enchant weapon {unknown}
 g - a scroll of noise {unknown}
 h - a scroll of remove curse {unknown}
 i - a scroll of identify {unknown}
 j - a scroll of fear {unknown}
 l - a scroll of fog {unknown}
 q - a scroll of teleportation {unknown}
Potions
 k - 2 potions of lignification {unknown}
 m - a potion of curing {unknown}
 o - 2 potions of invisibility {unknown}
 r - a potion of heal wounds {unknown}
Comestibles
 c - 9 rations


   Skills:
 - Level 3.6 Fighting
 + Level 5.8 Axes
 + Level 1.7 Throwing
 - Level 2.4 Dodging
 - Level 1.5 Stealth


You had 3 spell levels left.
You didn't know any spells.
Your spell library was empty.

Dungeon Overview and Level Annotations

Branches:
Dungeon (3/15)

Altars:


Message History

You hit the kobold.
You kill the kobold!
The adder misses you. The adder bites you but does no damage.
The adder completely misses you.
Things that are here:
a +0 club; a kobold corpse You closely miss the adder.
The adder is almost dead.
You feel sick. The adder misses you.
You miss the adder.
The adder is almost dead.
The adder bites you.
* * * LOW HITPOINT WARNING * * *
You are more poisoned.
The adder poisons you!
You hit the adder but do no damage.
The adder is almost dead.
* * * LOW HITPOINT WARNING * * *
You feel sick. The adder bites you.
You die...

#......# #.####.# #####+#
#.#....###### .......
#.#.........# .......
######.##...####.# .......
#<.............#.# .......
######.#.##.##.#.##.......
#..........S.........
#..##[#####@.........
#....#.# ####.......
##..##.# ....... #.....
....... ##>.. .......
....#.# ###.# # )#


You could see an adder.

Vanquished Creatures
  4 adders
  A worm (D:2)
  A dart slug (D:1)
  A leopard gecko (D:2)
  3 bats
  2 giant cockroaches (D:2)
  A goblin (D:2)
  3 hobgoblins
  2 jackals (D:2)
  2 frilled lizards
  6 kobolds
  A rat (D:2)
27 creatures vanquished.

Notes
Turn   | Place    | Note
-------+----------+-------------------------------------------
     0 | D:1      | Delamore the Hill Orc Monk began the quest for the Orb.
     0 | D:1      | Reached XP level 1. HP: 19/19 MP: 1/1
   464 | D:1      | Reached XP level 2. HP: 26/26 MP: 2/2
  1011 | D:2      | Reached skill level 5 in Axes
  1107 | D:2      | Reached XP level 3. HP: 30/31 MP: 3/3
  1169 | D:2      | Reached skill level 1 in Throwing
  1402 | D:2      | HP: 1/31 [poisoned by an adder]
  1750 | D:2      | Reached XP level 4. HP: 32/39 MP: 4/4
  2095 | D:3      | Slain by an adder

Illustrated notes

Levels and vault maps discovered:
D:1:      minmay_arrival_stair_chambers, layout_loops_ring, minmay_misc_feat_iff
D:2:      layout_rooms
D:3:      layout_basic, chequers_ecumenical_altar_simple, wad_floor_pattern_2

Skill      XL: |  1  2  3 |
---------------+----------+-----
Axes           | 5 |  5.8
Throwing       | 1 |  1.7
Fighting       | |  3.6
Dodging        | |  2.4
Stealth        | |  1.5

Action                   |  1- 3 |  4- 6 || total
-------------------------+-------+-------++-------
Melee: Hand axe          |    75 |    15 ||    90
Throw: Boomerang         |     2 |       ||     2
 Stab: Sleeping          |     3 |       ||     3
  Eat: Chunk             |     2 |       ||     2
Armor: Robe              |    20 |     2 ||    22
Dodge: Dodged            |    62 |    17 ||    79
